 Dungeon Crawl Stone Soup version 0.23-a0-422-g30b1108 (webtiles) character file.

4812 Geeful the Covert (level 10, -5/94 HPs)
             Began as a Naga Artificer on Nov 13, 2018.
             Was an Elder of Nemelex Xobeh.
             Slain by a hornet (14 damage)
             ... on level 9 of the Dungeon on Nov 14, 2018.
             The game lasted 00:51:05 (12326 turns).

Geeful the Covert (Naga Artificer)                 Turns: 12326, Time: 00:51:05

Health: -5/94      AC:  4    Str: 15    XL:     10   Next: 48%
Magic:  16/16      EV: 10    Int: 11    God:    Nemelex Xobeh [****..]
Gold:   1450       SH:  0    Dex: 17    Spells: 7/9 levels left

rFire    + . .     SeeInvis +   t - +2 short sword (drain)
rCold    + . .     Gourm    .   (no shield)
rNeg     . . .     Faith    .   b - +0 leather armour
rPois    +         Spirit   .   (no helmet)
rElec    .         Reflect  .   k - scarf {rC+ rF+}
rCorr    .         Harm     .   (no gloves)
MR       +....                  (no barding)
Stlth    +++++.....             (no amulet)
HPRegen  0.25/turn              h - +2 ring of dexterity
MPRegen  0.15/turn              C - ring of flight

@: very slow
A: large, see invisible, deformed body, poison resistance, slowness 2, slow
metabolism 1, spit poison 1, AC +3
a: Spit Poison, Triple Draw, Deal Four, Renounce Religion, Evoke Flight


You were on level 9 of the Dungeon.
You worshipped Nemelex Xobeh.
Nemelex Xobeh was greatly pleased with you.
You were not hungry.

You visited 1 branch of the dungeon, and saw 9 of its levels.
You also visited: Bailey.

You collected 1450 gold pieces.

Inventory:

Hand Weapons
 t - a +2 short sword of draining (weapon)
Missiles
 m - 42 poisoned needles
 r - 4 steel tomahawks (quivered)
 E - 39 tomahawks of returning
Armour
 b - a +0 leather armour (worn)
 k - a scarf of resistance (worn)
 z - a +0 cloak
Jewellery
 h - a +2 ring of dexterity (left hand)
 p - an uncursed ring of resist corrosion
 C - a ring of flight (right hand)
Wands
 c - a wand of flame (14)
 d - a wand of enslavement (25)
 e - a wand of random effects (14)
 s - a wand of polymorph (9)
 u - a wand of paralysis (5)
Scrolls
 a - a scroll of fear
 i - 3 scrolls of immolation
 l - 2 scrolls of identify
 o - a scroll of blinking
 q - a scroll of amnesia
 A - 3 scrolls of remove curse
 J - 2 scrolls of teleportation
 K - 2 scrolls of magic mapping {unknown}
 M - a scroll of fog
Potions
 g - 3 potions of curing
 j - a potion of haste
 n - 2 potions of resistance
 w - a potion of mutation
 x - a potion of might {unknown}
 B - 2 potions of lignification {unknown}
 D - a potion of ambrosia {unknown}
 H - a potion of flight {unknown}
 L - a potion of heal wounds {unknown}
Miscellaneous
 v - a plain deck of escape
 y - an ornate deck of destruction {drawn: 7}
 I - a phantom mirror
 N - a legendary deck of summoning
Comestibles
 f - 9 rations
 F - 5 chunks of flesh


   Skills:
 + Level 7.6 Fighting
 + Level 7.7 Short Blades
 - Level 1.5 Dodging
 + Level 11.6 Stealth
 + Level 8.0 Invocations
 - Level 3.0 Evocations


You had 7 spell levels left.
You knew the following spells:

 Your Spells              Type           Power        Failure   Level  Hunger
a - Blink                 Tloc           N/A          54%         2    ###....

Your spell library contained the following spells:

 Spells                   Type           Power        Failure   Level  Hunger
 Confusing Touch          Hex            #.....       41%         1    ##.....
 Magic Dart               Conj           #...         41%         1    ##.....
 Call Imp                 Summ           #.......     54%         2    ###....
 Slow                     Hex            #.......     54%         2    ###....
 Confuse                  Hex            #.......     78%         3    ####...
 Conjure Flame            Conj/Fire      #.......     78%         3    ####...
 Gell's Gravitas          Tloc           #.........   78%         3    ####...
 Mephitic Cloud           Conj/Pois/Air  #.......     78%         3    ####...
 Petrify                  Tmut/Erth      #.......     99%         4    #####..
 Metabolic Englaciation   Hex/Ice        #.........   100%        5    ######.
 Yara's Violent Unravell  Hex/Tmut       #.........   100%        5    ######.


Dungeon Overview and Level Annotations

Branches:
Dungeon (9/15)             Temple (0/1) D:5            Lair (0/6) D:8
    Orc: D:9-12

Altars:
Ashenzari
Cheibriados
Kikubaaqudgha
Nemelex Xobeh
Okawaru
Qazlal
Ru
Sif Muna
Trog
Uskayaw
Xom
Yredelemnul
The Shining One

Annotations:
D:8 2 transporters, Monibiz's ghost, novice MiBe


Innate Abilities, Weirdness & Mutations

You cannot wear boots.
Your serpentine skin is tough. (AC +3)
You have supernaturally acute eyesight. (SInv)
Armour fits poorly on your strangely shaped body.
Your system is resistant to poisons. (rPois)
You cover ground very slowly.
You have a slow metabolism.
You can spit poison.


Message History

The hornet stings you.
The orc throws a stone.
The stone hits you.
* * * LOW HITPOINT WARNING * * *
The hippogriff bites you!
* * * LOW HITPOINT WARNING * * *
The hippogriff barely misses you. The hippogriff closely misses you.
An orc priest comes into view.
The hornet stings you but does no damage.
The orc priest calls down the wrath of Beogh upon you.
Beogh smites you!
* * * LOW HITPOINT WARNING * * *
The orc priest shouts!
You see here a stone.
The hornet stings you.
* * * LOW HITPOINT WARNING * * *
There is a stone staircase leading up, spattered with blood here.
Things that are here:
a +0 dagger; a +0 robe The hornet stings you!
You die...
Your body glows slightly and disappears.

.# .# ######'####
#.........#
##########.........#
...................#
................#####
....###@####[#.......
###.###y####.........
.......HY..Z.......>.
#.#o...a..###........
#.......#.# #.#####+#
o.o######.# #.# ..
..# #.## .
######Y.####
............#


You could see a hippogriff, a hornet, an ice beast and a worker ant.

Vanquished Creatures
  Pikel (D:5)
  A hippogriff (D:8)
  A wyvern (D:8)
  A golden eye (D:4)
  A steam dragon (Bailey)
  A hungry ghost (D:8)
  A sky beast (D:8)
  A slave (D:4)
  2 orc warriors
  A phantom (D:5)
  An ogre (D:6)
  3 centaurs
  A big kobold (D:8)
  A wyvern zombie (D:7)
  A scorpion (D:5)
  A water moccasin skeleton (D:8)
  A howler monkey (D:9)
  4 crimson imps
  A centaur zombie (D:6)
  5 hounds
  A bullfrog skeleton (D:6)
  3 jellies
  4 orc priests
  Crazy Yiuf (D:5)
  A centaur skeleton (D:5)
  6 orc wizards
  7 worker ants
  A hound zombie (D:8)
  A hound skeleton (D:4)
  A worker ant zombie (D:6)
  A howler monkey skeleton (D:4)
  7 adders
  3 gnolls
  A shadow imp (D:7)
  2 oozes
  A worm (D:6)
  2 dart slugs
  5 leopard geckos
  28 orcs
  A bat zombie (D:2)
  4 giant cockroaches
  13 goblins
  3 hobgoblins
  4 jackals
  9 kobolds
  3 quokkas
  2 ball pythons
  A ball python skeleton (D:4)
  8 bats
  3 frilled lizards
  A jackal zombie (D:6)
  A leopard gecko skeleton (D:2)
  2 quokka skeletons
  5 rats
  A withered plant (D:5)
167 creatures vanquished.

Vanquished Creatures (collateral kills)
  A two-headed ogre (D:7)
  An orc knight (Bailey)
  A polar bear (D:4)
  Grinder (D:5)
  Sigmund (D:4)
  2 orc warriors (Bailey)
  An ogre (D:7)
  A centaur (D:6)
  A hound (D:7)
  An orc priest (D:3)
  3 orc wizards
  3 gnolls (D:6)
  An ooze (D:3)
  9 orcs
  A hobgoblin (Bailey)
  3 kobolds
  A ball python (D:4)
  A bat (D:3)
  A frilled lizard (D:4)
34 creatures vanquished.

Vanquished Creatures (others)
  A phantom (D:5)
  A gnoll shaman (D:6)
  2 gnolls
  A ball lightning (D:6)
  3 kobolds (Bailey)
8 creatures vanquished.

Grand Total: 209 creatures vanquished

Notes
Turn   | Place    | Note
-------+----------+-------------------------------------------
     0 | D:1      | Geeful the Naga Artificer began the quest for the Orb.
     0 | D:1      | Reached XP level 1. HP: 18/18 MP: 3/3
   308 | D:1      | Reached skill level 2 in Stealth
   352 | D:1      | Reached XP level 2. HP: 15/25 MP: 4/4
  1031 | D:2      | Found a shattered altar of Ashenzari.
  1082 | D:2      | Reached skill level 3 in Stealth
  1082 | D:2      | Reached XP level 3. HP: 18/32 MP: 5/5
  1308 | D:2      | Found a sparkling altar of Nemelex Xobeh.
  1337 | D:2      | Became a worshipper of Nemelex Xobeh the Trickster
  1379 | D:2      | Noticed Sigmund
  1650 | D:2      | Received a gift from Nemelex Xobeh
  3447 | D:3      | Found an iron altar of Okawaru.
  3763 | D:3      | Reached XP level 4. HP: 39/39 MP: 6/6
  3871 | D:3      | Reached * piety under Nemelex Xobeh
  3950 | D:3      | Reached skill level 1 in Invocations
  4012 | D:3      | Reached skill level 4 in Stealth
  4012 | D:3      | Reached XP level 5. HP: 46/46 MP: 7/7
  4299 | D:4      | Killed Sigmund
  4299 | D:4      | Reached skill level 5 in Stealth
  4299 | D:4      | Reached XP level 6. HP: 56/56 MP: 8/8
  4633 | D:4      | Received a gift from Nemelex Xobeh
  4687 | D:4      | Found a bloodstained altar of Trog.
  4687 | D:4      | Noticed an eye of draining
  4780 | D:4      | Noticed an eye of draining
  4784 | D:4      | Noticed a polar bear
  4784 | D:4      | an eye of draining changed into a polar bear
  4784 | D:4      | Noticed a golden eye
  4784 | D:4      | an eye of draining changed into a golden eye
  4788 | D:4      | Killed a golden eye
  4788 | D:4      | Reached skill level 6 in Stealth
  4788 | D:4      | Reached XP level 7. HP: 52/63 MP: 3/9
  4793 | D:4      | Killed a polar bear
  4944 | D:4      | Reached ** piety under Nemelex Xobeh
  5251 | D:5      | Entered Level 5 of the Dungeon
  5270 | D:5      | Noticed Pikel
  5463 | D:5      | Learned a level 2 spell: Blink
  5483 | D:5      | Noticed Grinder
  5502 | D:5      | Killed Grinder
  5502 | D:5      | Reached skill level 7 in Stealth
  5502 | D:5      | Reached XP level 8. HP: 73/73 MP: 9/11
  5552 | D:5      | Found a staircase to the Ecumenical Temple.
  5637 | D:5      | Received a gift from Nemelex Xobeh
  5662 | D:5      | Found a basalt altar of Yredelemnul.
  5959 | D:5      | Killed Pikel
  5959 | D:5      | Reached skill level 5 in Fighting
  5959 | D:5      | Reached skill level 5 in Short Blades
  5959 | D:5      | Reached skill level 8 in Stealth
  5959 | D:5      | Reached skill level 5 in Invocations
  6172 | D:5      | Found a runed door.
  6176 | D:5      | Noticed Crazy Yiuf
  6184 | D:5      | Killed Crazy Yiuf
  6335 | D:5      | Found a deep blue altar of Sif Muna.
  6388 | D:5      | Found a shimmering altar of Xom.
  6704 | D:6      | Found a glowing golden altar of the Shining One.
  6707 | D:6      | Reached XP level 9. HP: 81/81 MP: 13/13
  6847 | D:6      | Found a stormy altar of Qazlal.
  6883 | D:6      | Reached skill level 9 in Stealth
  7402 | D:6      | Reached *** piety under Nemelex Xobeh
  7533 | D:6      | Found a snail-covered altar of Cheibriados.
  7649 | D:6      | Received a gift from Nemelex Xobeh
  8195 | D:7      | Found a flagged portal.
  8204 | Bailey   | Entered a bailey
  8290 | Bailey   | Noticed an orc knight
  8509 | Bailey   | Received a gift from Nemelex Xobeh
  8760 | Bailey   | Reached skill level 10 in Stealth
  8917 | Bailey   | Killed an orc knight
  9106 | Bailey   | Reached **** piety under Nemelex Xobeh
  9211 | D:7      | Noticed a two-headed ogre
  9222 | D:7      | Killed a two-headed ogre
  9222 | D:7      | Reached XP level 10. HP: 94/94 MP: 15/15
 10067 | D:8      | Reached skill level 11 in Stealth
 10358 | D:8      | Found a staircase to the Lair.
 10390 | D:8      | Found an ancient bone altar of Kikubaaqudgha.
 10402 | D:8      | Found a sacrificial altar of Ru.
 10535 | D:8      | Found a transporter.
 10538 | D:8      | Noticed Monibiz's ghost (novice MiBe)
 10539 | D:8      | Found a transporter.
 10634 | D:8      | Received a gift from Nemelex Xobeh
 10874 | D:8      | Found a hide-covered altar of Uskayaw.
 11009 | D:8      | Upgraded the game from 0.23-a0-419-g0174fd8 to
                  | 0.23-a0-422-g30b1108
 11476 | D:8      | HP: 3/94 [hippogriff (6)]
 12326 | D:9      | Slain by a hornet

Vault maps used:
D:1:      scummos_arrival_simple_crosswalls, minmay_strange_pillars
D:2:      nicolae_overflow_crystal_walls, nemelex_xobeh_ov_fountains_minmay,
          serial_undead, serial_undead_a, serial_undead_e, serial_undead_e,
          serial_undead_f, serial_undead_f, first_ration, uniq_sigmund
D:3:      okawaru_metal_pillars_1_2
D:4:      trog_eyes_of_draining, minmay_misc_feat_iff
D:5:      lemuel_crystal_altar, tgw_xom, minmay_temple_entry_from_below_a,
          yredelemnul_altar_generic, uniq_grinder, uniq_pikel,
          uniq_crazy_yiuf_cottage
D:6:      kennysheep_mini_moat, slow_altar_1, overflow_temple_1_default
D:7:      enter_bailey_7
D:8:      nicolae_ru_the_path_less_chosen, marbit_many_paths, kennysheep_mini,
          lair_entry_dummy, gammafunk_ghost_hive
D:9:      zin_treasury, serial_shops, shop
Bailey:   bailey_axe_4, bailey

Skill      XL: |  1  2  3  4  5  6  7  8  9 10 |
---------------+-------------------------------+-----
Stealth        | 2 3 4 5 6 7 8 10 11 | 11.6
Fighting       | 2 3 4 5 7 |  7.6
Short Blades   | 2 3 4 5 7 |  7.7
Invocations    | 1 2 3 4 5 7 8 |  8.0
Dodging        | |  1.5
Evocations     | |  3.0

Action                   |  1- 3 |  4- 6 |  7- 9 | 10-12 || total
-------------------------+-------+-------+-------+-------++-------
Melee: Short sword       |   136 |    47 |   300 |   194 ||   677
Throw: Tomahawk          |       |       |     1 |       ||     1
 Abil: Spit Poison       |     4 |     4 |     3 |     1 ||    12
       Evoke Flight      |       |       |     1 |       ||     1
Evoke: Wand              |     2 |       |     5 |     1 ||     8
       Deck              |       |    11 |    20 |     5 ||    36
  Use: Scroll            |     5 |     3 |     5 |       ||    13
       Potion            |     1 |     1 |     2 |       ||     4
 Stab: Sleeping          |     2 |     1 |     3 |    10 ||    16
       Distracted        |       |       |     3 |       ||     3
       Paralysed         |       |       |     1 |       ||     1
  Eat: Chunk             |     4 |     2 |     9 |     6 ||    21
       Ration            |     1 |       |     1 |     2 ||     4
Armor: Leather armour    |    39 |    10 |    56 |    35 ||   140
Dodge: Dodged            |    89 |    25 |   143 |    85 ||   342

Table legend:
 A = Non-vault XP
 B = Vault XP
 C = Vault XP percentage of total XP
 D = Non-vault monster count
 E = Vault monster count
 F = Vault count percentage of total count
                 A         B        C        D         E       F
            +---------+---------+-------+---------+---------+-------
      Total |    4250 |    2625 |  38.2 |     155 |      51 |  24.8
            +---------+---------+-------+---------+---------+-------
        D:1 |      21 |       0 |   0.0 |      14 |       0 |   0.0
        D:2 |      39 |       4 |   9.3 |      13 |       3 |  18.8
        D:3 |     210 |       0 |   0.0 |      26 |       0 |   0.0
        D:4 |     242 |     513 |  67.9 |      17 |       5 |  22.7
        D:5 |     412 |     877 |  68.0 |       6 |      10 |  62.5
        D:6 |     572 |       6 |   1.0 |      23 |       2 |   8.0
        D:7 |     909 |      21 |   2.3 |      23 |       4 |  14.8
        D:8 |    1474 |     100 |   6.4 |      22 |       1 |   4.3
        D:9 |     371 |       0 |   0.0 |      11 |       0 |   0.0
     Bailey |       0 |    1104 | 100.0 |       0 |      26 | 100.0
            +---------+---------+-------+---------+---------+-------
